Map: Winter's Gate LE

Players

pHARM

  • Race: Zerg Zerg
  • League: Platinum
  • Spawn Location: 11:00

Blueraider - Winner!

  • Race: Zerg Zerg
  • League: Diamond
  • Spawn Location: 5:00

VOD

Have the link to the VOD?

Description

Time

  • Played on: Sept. 16, 2019, 10:56 p.m.
  • Length: 4:24
Show
View Real Time Build Order
Export as new Build Order

pHARM Zerg 

Build Orders: Hatch First 

Get SALT Encoding   

  12  0:01  Drone  
  13  0:13  Overlord  
  13  0:19  Drone  
  14  0:42  Hatchery  
  14  0:47  Drone  
  14  0:50  Drone  
  14  0:55  Drone  
  16  1:02  Drone  
  17  1:09  Drone  
  18  1:23  Spawning Pool  
  17  1:29  Drone  
  17  1:32  Drone  
  19  1:40  Extractor  
  19  1:45  Drone  
  19  1:53  Drone  
  20  2:03  Overlord  
  20  2:13  Drone, Queen x2  
  20  2:15  Drone  
  26  2:23  Drone x2  
  28  2:34  Drone x2  
  30  2:38  Overlord  
  30  2:46  Overlord  
  30  2:49  Drone  
  30  2:50  Drone  
  32  2:55  Metabolic Boost  
  32  2:58  Queen  
  34  3:06  Drone x2  
  36  3:33  Drone  
  36  3:34  Drone x8  
  45  3:48  Extractor  
  45  3:50  Extractor  
  43  3:58  Evolution Chamber  
  42  4:11  Hatchery  
  42  4:12  Evolution Chamber  
  42  4:14  Evolution Chamber  
Show
View Real Time Build Order
Export as new Build Order

Blueraider Zerg - Winner!

Build Orders: Hatch First 

Get SALT Encoding   

  12  0:01  Drone  
  13  0:13  Overlord  
  13  0:20  Drone  
  14  0:32  Drone  
  15  0:47  Hatchery  
  14  0:52  Drone  
  14  0:53  Drone  
  16  0:58  Drone  
  16  1:04  Drone  
  18  1:08  Extractor  
  17  1:19  Spawning Pool  
  17  1:20  Drone  
  17  1:25  Drone  
  18  1:36  Drone  
  19  1:47  Drone  
  20  1:57  Overlord  
  20  2:06  Queen x2  
  24  2:11  Metabolic Boost  
  24  2:17  Zergling x6  
  27  2:24  Zergling x4  
  27  2:29  Zergling x2  
  30  2:33  Overlord  
  30  2:48  Zergling x4  
  30  2:51  Zergling x2  
  33  2:53  Zergling x2  
  34  3:01  Zergling x2  
  34  3:05  Zergling x2  
  36  3:13  Zergling x4  
  36  3:18  Zergling x8  
  42  3:20  Overlord, Zergling x2  
  42  3:27  Overlord  
  43  3:30  Zergling x2  
  44  3:40  Zergling x2  
  44  3:41  Zergling x2  
  46  3:47  Hatchery  
  46  3:48  Zergling x8  
  49  3:54  Zergling x4  
  51  3:56  Zergling x2  
  51  4:00  Zergling x2  
  51  4:02  Zergling x2  
Tags
 
Add a new tag
Caveats
  • Supply blocks, unpowered buildings, or Contaminate may cause inaccurate times.
  • Supply counts are checked every 10 seconds.